 Dungeon Crawl Stone Soup version 0.23-a0-151-gf6d1ed2 (webtiles) character file.

20196 Inarius the Basher (level 12, -5/128 HPs)
             Began as an Ogre Hunter on Sept 7, 2018.
             Was an Elder of Yredelemnul.
             Slain by a deep troll (11 damage)
             ... on level 3 of the Lair of Beasts.
             The game lasted 01:31:40 (25372 turns).

Inarius the Basher (Ogre Hunter)                   Turns: 25372, Time: 01:31:41

Health: -5/128     AC:  7    Str: 25    XL:     12   Next: 77%
Magic:  19/19      EV:  6    Int: 15    God:    Yredelemnul [****..]
Gold:   633        SH:  0    Dex:  9    Spells: 8/11 levels left

rFire    . . .     SeeInvis .   a - +3 giant spiked club
rCold    . . .     Gourm    .   (shield currently unavailable)
rNeg     + . .     Faith    .   O - +2 robe {rN+}
rPois    .         Spirit   .   (helmet restricted)
rElec    .         Reflect  .   H - +1 cloak
rCorr    .         Harm     .   (gloves unavailable)
MR       ++...                  (boots unavailable)
Stlth    +.........             L - amulet of Othiobaq {Regen+ Int+3}
HPRegen  0.71/turn              y - +2 ring of strength
MPRegen  0.16/turn              Q - ring of protection from magic

@: held
A: large, unfitting armour, tough skin 1
a: Recall Undead Slaves, Injury Mirror, Animate Dead, Drain Life, Renounce
Religion


You were on level 3 of the Lair of Beasts.
You worshipped Yredelemnul.
Yredelemnul was greatly pleased with you.
You were not hungry.

You visited 2 branches of the dungeon, and saw 16 of its levels.
You also visited: Labyrinth.

You collected 990 gold pieces.
You spent 357 gold pieces at shops.

Inventory:

Hand Weapons
 a - a +3 giant spiked club (weapon)
 b - the +8 short sword of Bucunyuz {drain, rPois rF+ rC+ Str+3 Int+4}
   (You found it on level 6 of the Dungeon)

   A truly terrible weapon, it drains the life of those it strikes.
   It affects your strength (+3).
   It affects your intelligence (+4).
   It protects you from fire.
   It protects you from cold.
   It protects you from poison.
Missiles
 c - 12 large rocks
 e - 377 stones
 n - 18 javelins of returning
 v - 8 tomahawks (quivered)
 D - a throwing net
Armour
 H - a +1 cloak (worn)
 M - a scarf of cloud immunity
 O - a +2 robe of positive energy (worn)
Jewellery
 g - an uncursed ring of positive energy
 y - a +2 ring of strength (left hand)
 A - an uncursed amulet of the acrobat
 L - the amulet of Othiobaq (around neck) {Regen+ Int+3}
   (You found it in a labyrinth)

   [amulet of regeneration]

   It affects your intelligence (+3).
   It increases your rate of regeneration.
 Q - a ring of protection from magic (right hand)
Wands
 p - a wand of iceblast (6)
 w - a wand of polymorph (20)
 z - a wand of acid (5)
 B - a wand of digging (9)
 G - a wand of disintegration (16)
 K - a wand of clouds (17)
Scrolls
 d - a scroll of brand weapon {unknown}
 i - 8 scrolls of teleportation
 l - 4 scrolls of amnesia
 r - 9 scrolls of remove curse
 t - 4 scrolls of magic mapping
 x - a scroll of holy word
 C - a scroll of enchant armour
 F - a scroll of fear {unknown}
 J - a scroll of blinking {unknown}
 R - a scroll of fog {unknown}
Potions
 h - a potion of haste
 j - a potion of magic
 k - a potion of flight
 m - 3 potions of curing
 o - a potion of berserk rage
 s - 2 potions of lignification {unknown}
 u - 4 potions of cancellation
 I - a potion of agility
 N - 3 potions of mutation {unknown}
 P - a potion of might
Comestibles
 f - 19 rations
 E - a chunk of flesh


   Skills:
 + Level 10.7 Fighting
 + Level 2.7 Short Blades
 + Level 11.8 Maces & Flails
 + Level 8.0 Throwing
 + Level 6.8 Dodging
 - Level 0.6 Stealth
   Level 1.9 Shields
 * Level 9.6 Invocations
 + Level 2.1 Evocations


You had 8 spell levels left.
You knew the following spells:

 Your Spells              Type           Power        Failure   Level  Hunger
a - Ozocubu's Armour      Chrm/Ice       #.......     63%         3    ####...

Your spell library contained the following spells:

 Spells                   Type           Power        Failure   Level  Hunger
 Animate Skeleton         Necr           N/A          26%         1    ##.....
 Freeze                   Ice            #...         26%         1    ##.....
 Pain                     Necr           #...         26%         1    ##.....
 Throw Frost              Conj/Ice       #.....       38%         2    ###....
 Regeneration             Chrm/Necr      #.........   63%         3    ####...
 Vampiric Draining        Necr           #.........   63%         3    ####...
 Animate Dead             Necr           N/A          95%         4    #####..
 Summon Ice Beast         Ice/Summ       #.......     95%         4    #####..
 Throw Icicle             Conj/Ice       #.......     95%         4    #####..


Dungeon Overview and Level Annotations

Branches:
Dungeon (13/15)            Temple (0/1) D:6            Lair (3/6) D:11
    Orc (0/2) D:12
  Swamp: Lair:2-4    Shoals: Lair:2-4     Snake: Lair:2-4    Spider: Lair:2-4
 Vaults: D:13-14

Altars:
Ashenzari
Dithmenos
Hepliaklqana
Makhleb
Okawaru
Ru
Wu Jian
Xom
Yredelemnul
Zin
The Shining One
Beogh

Shops:
D:8 !   D:12 [

Annotations:
D:5 1 runed door, DEFE's ghost, amateur DESu
D:9 3 runed doors, MordorOrchid's ghost, novice GnWr
D:13 1 transporter, heinrich's ghost, journeyman FoFi


Innate Abilities, Weirdness & Mutations

You are too large for most types of armour.
You have tough skin. (AC +1)


Message History

As you read the scroll labeled FAL UDUNUPS, it crumbles to dust.
It is a scroll of enchant armour.
Your +0 cloak glows green for a moment.
The merfolk hits you from afar with a trident.
* * * LOW HITPOINT WARNING * * *
The merfolk barely misses you.
The merfolk hits you but does no damage.
The deep troll bites you but does no damage.
The deep troll completely misses you. The deep troll claws you.
* * * LOW HITPOINT WARNING * * *
You feel much better. The merfolk barely misses you.
The merfolk hits you from afar with a trident!!
* * * LOW HITPOINT WARNING * * *
The merfolk hits you from afar with a trident.
* * * LOW HITPOINT WARNING * * *
The deep troll closely misses you. The deep troll claws you.
* * * LOW HITPOINT WARNING * * *
The deep troll claws you!
You die...
Your body rises from the dead as a mindless zombie.

....≈≈≈≈≈.<≈≈≈≈≈.##
......≈≈≈..≈≈≈≈.##
###..≈≈≈≈≈≈≈≈≈≈##
#..≈≈≈≈≈≈≈≈≈.(# .#
###≈≈≈≈≈≈≈.Z### #.##
#≈..≈.≈≈..## ..P
##PPP......## .P
#...P.........#### .#
#...........@###.###+#.###
##(..........Tm#.........#.#.
............mm...............
.............#.#..........#..
...............'......(..+...
#..........(##........>(# .
........##..)P#..P#....
##...######..P##......P. ##..
##..##...#....


You could see 3 merfolk and a deep troll.

Vanquished Creatures
  A minotaur (Lab)
  A hydra (Lair:2)
  Erica (Lair:1)
  Erolcha (D:12)
  A two-headed ogre (D:8)
  2 unseen horrors (D:12)
  An orc knight (D:12)
  3 ugly things
  A gargoyle (D:11)
  3 spiny frogs
  A komodo dragon (Lair:1)
  An efreet (D:12)
  3 trolls
  3 blink frogs (Lair:1)
  A hippogriff (D:9)
  A vampire (D:12)
  A human (D:7)
  A wraith (D:11)
  4 yaks (Lair:2)
  A wyvern (Lair:1)
  A hungry ghost (Lab)
  4 hogs
  5 water moccasins
  3 porcupines (Lair:2)
  8 orc warriors
  A phantom (D:5)
  3 sky beasts
  2 black bears
  6 ogres
  An ice beast (D:12)
  2 necrophages
  2 wolves (D:10)
  7 centaurs
  3 crocodiles
  A big kobold (D:3)
  7 bullfrogs
  An earth elemental (Lab)
  A gnoll sergeant (D:5)
  A water moccasin skeleton (D:10)
  10 killer bees
  2 scorpions
  4 howler monkeys
  A bullfrog zombie (D:6)
  4 crimson imps
  2 centaur zombies
  4 hounds
  6 jellies
  3 centaur skeletons
  4 orc priests
  2 iguanas
  11 orc wizards
  2 bullfrog skeletons
  5 worker ants
  2 human simulacra (D:11)
  A hound skeleton (D:10)
  A howler monkey zombie (D:8)
  21 adders
  8 gnolls
  3 shadow imps
  3 oozes
  2 adder zombies (D:5)
  A worm (D:5)
  4 dart slugs
  6 leopard geckos
  55 orcs
  10 bats
  5 giant cockroaches
  4 goblins
  9 hobgoblins
  6 jackals
  3 quokkas
  3 ball pythons
  9 frilled lizards
  A giant cockroach zombie (D:5)
  17 kobolds
  An orc zombie (D:12)
  A quokka skeleton (D:4)
  4 rats
331 creatures vanquished.

Vanquished Creatures (collateral kills)
  A hydra (Lair:2)
  A centaur zombie (D:11)
  A spiny frog (Lair:2)
  A rime drake (Lair:1)
  2 komodo dragons
  A hornet (D:11)
  2 hippogriffs
  A yak (Lair:2)
  A wyvern (D:10)
  A hog (D:9)
  Grum (D:10)
  A hungry ghost (D:11)
  A water moccasin (Lair:1)
  2 porcupines
  2 sky beasts
  An orc warrior (D:12)
  2 phantoms
  2 ogres (D:10)
  3 wolves (Lair:2)
  A crocodile (D:10)
  3 bullfrogs
  A scorpion (D:9)
  A killer bee (D:9)
  4 howler monkeys
  An orc priest (D:10)
  2 quasits
  A hound (D:10)
  A jelly (D:9)
  2 orc wizards (D:9)
  An iguana (D:10)
  2 adders
  An adder skeleton (D:9)
  5 orcs
  3 fungi (D:11)
56 creatures vanquished.

Vanquished Creatures (others)
  A hydra zombie (Lair:2)
  An ugly thing zombie (D:12)
  3 flying skulls (Lair:2)
  2 wraiths
  2 water moccasin zombies
  A wolf zombie (Lair:2)
  2 wights
  A centaur zombie (D:12)
  A sky beast zombie (D:12)
  An adder skeleton (D:12)
  A frilled lizard skeleton (D:4)
  A jackal skeleton (D:8)
  An orc skeleton (D:9)
  6 orc zombies
  A fungus (Lair:3)
25 creatures vanquished.

Grand Total: 412 creatures vanquished

Notes
Turn   | Place    | Note
-------+----------+-------------------------------------------
     0 | D:1      | Inarius the Ogre Hunter began the quest for the Orb.
     0 | D:1      | Reached XP level 1. HP: 22/22 MP: 1/1
   366 | D:1      | Reached XP level 2. HP: 27/29 MP: 2/2
   975 | D:1      | Reached XP level 3. HP: 33/36 MP: 3/3
  1657 | D:2      | Found a basalt altar of Yredelemnul.
  1679 | D:2      | Became a worshipper of Yredelemnul the Dark
  1771 | D:2      | Reached skill level 1 in Maces & Flails
  1956 | D:2      | Reached XP level 4. HP: 27/45 MP: 4/4
  2399 | D:2      | Reached skill level 2 in Maces & Flails
  3248 | D:3      | Noticed a big kobold
  3292 | D:3      | Reached XP level 5. HP: 50/53 MP: 5/5
  3294 | D:3      | Reached * piety under Yredelemnul
  3315 | D:3      | Reached skill level 1 in Invocations
  3641 | D:3      | Killed a big kobold
  3641 | D:3      | Reached skill level 3 in Maces & Flails
  3641 | D:3      | Reached skill level 1 in Shields
  3641 | D:3      | Reached XP level 6. HP: 62/62 MP: 5/7
  4551 | D:4      | Reached skill level 5 in Throwing
  4741 | D:4      | Found a sacrificial altar of Ru.
  5381 | D:4      | Reached XP level 7. HP: 63/68 MP: 8/8
  5446 | D:4      | Reached skill level 4 in Maces & Flails
  5796 | D:5      | Entered Level 5 of the Dungeon
  5796 | D:5      | Found a runed door.
  5796 | D:5      | Noticed DEFE's ghost (amateur DESu)
  6866 | D:5      | Reached ** piety under Yredelemnul
  6960 | D:5      | Reached XP level 8. HP: 75/79 MP: 10/10
  7239 | D:5      | Reached skill level 5 in Maces & Flails
  7806 | D:6      | Found a shimmering altar of Xom.
  8208 | D:6      | Reached skill level 6 in Maces & Flails
  8474 | D:6      | Found a staircase to the Ecumenical Temple.
  8956 | D:6      | Reached skill level 5 in Fighting
  9060 | D:6      | Identified the +8 short sword of Bucunyuz {drain, rPois rF+
                  | rC+ Str+3 Int+4} (You found it on level 6 of the Dungeon)
  9156 | D:6      | Reached XP level 9. HP: 41/88 MP: 10/12
  9366 | D:6      | Found a hazy altar of Hepliaklqana.
  9536 | D:7      | Reached skill level 7 in Maces & Flails
 10302 | D:7      | Found a burning altar of Makhleb.
 10302 | D:7      | Found a glowing silver altar of Zin.
 10303 | D:7      | Noticed an angel
 10303 | D:7      | Noticed a cacodemon
 10490 | D:8      | Noticed a two-headed ogre
 10495 | D:8      | Killed a two-headed ogre
 10495 | D:8      | Reached skill level 1 in Short Blades
 10495 | D:8      | Reached skill level 8 in Maces & Flails
 10495 | D:8      | Reached skill level 5 in Invocations
 10619 | D:8      | Found a shattered altar of Ashenzari.
 11074 | D:8      | Found Rema's Distillery.
 11078 | D:8      | Bought 2 potions of curing for 84 gold pieces
 11078 | D:8      | Bought a potion of might for 56 gold pieces
 11078 | D:8      | Bought a potion of heal wounds for 70 gold pieces
 11112 | D:8      | Found a glowing golden altar of the Shining One.
 11214 | D:8      | Reached XP level 10. HP: 99/100 MP: 14/14
 11320 | D:7      | HP: 5/100 [human/hand axe (7)]
 12029 | D:7      | Reached *** piety under Yredelemnul
 12592 | D:9      | Reached skill level 9 in Maces & Flails
 12900 | D:9      | Found a roughly hewn altar of Beogh.
 13048 | D:9      | Noticed Maurice
 13050 | D:9      | Noticed Maurice
 13050 | D:9      | Maurice changed into Maurice the hog
 13058 | D:9      | Killed Maurice the hog
 13085 | D:9      | Received a gift from Yredelemnul (a wight)
 13144 | D:9      | Found an ornate altar of the Wu Jian Council.
 13184 | D:9      | Found an iron altar of Okawaru.
 13184 | D:9      | Found a shadowy altar of Dithmenos.
 13282 | D:9      | Reached **** piety under Yredelemnul
 13291 | D:9      | Reached skill level 5 in Dodging
 13837 | D:9      | Received a gift from Yredelemnul (a wight)
 13889 | D:9      | Found a runed gate.
 13889 | D:9      | Noticed MordorOrchid's ghost (novice GnWr)
 13890 | D:9      | Found a runed gate.
 13890 | D:9      | Noticed a kobold demonologist
 13891 | D:9      | Found a runed gate.
 13891 | D:9      | Noticed a kobold demonologist
 13912 | D:9      | Learned a level 3 spell: Ozocubu's Armour
 14229 | D:10     | Entered Level 10 of the Dungeon
 14285 | D:10     | Noticed Grum
 14291 | D:10     | Killed Grum
 14313 | D:10     | HP: 4/103 [orc priest/divine providence (11)]
 14730 | D:9      | Received a gift from Yredelemnul (a wraith)
 14982 | D:10     | Reached XP level 11. HP: 99/113 MP: 16/16
 15665 | D:11     | Found a labyrinth entrance.
 15680 | Lab      | Entered a labyrinth
 15951 | Lab      | Found an exit through the horrors of the Abyss.
 17138 | Lab      | Found an exit through the horrors of the Abyss.
 18072 | Lab      | Found an exit through the horrors of the Abyss.
 20552 | Lab      | Noticed a minotaur
 20560 | Lab      | Killed a minotaur
 20560 | Lab      | Reached skill level 10 in Maces & Flails
 20567 | Lab      | Got a shimmering ruby amulet
 20589 | Lab      | Identified the amulet of Othiobaq {Regen+ Int+3} (You found
                  | it in a labyrinth)
 21199 | D:11     | Paralysed by a hornet for 3 turns
 21222 | D:11     | Noticed a green ugly thing
 21227 | D:11     | Killed a green ugly thing
 21812 | D:11     | Found a staircase to the Lair.
 21945 | D:12     | Noticed an orc knight
 21958 | D:12     | Killed an orc knight
 22084 | D:12     | Killed an unseen horror
 22174 | D:12     | Reached skill level 1 in Evocations
 22440 | D:12     | Found Xutou's Armour Emporium.
 22440 | D:12     | Found a staircase to the Orcish Mines.
 22440 | D:12     | Noticed a white ugly thing
 22456 | D:12     | Killed a white ugly thing
 22515 | D:12     | Bought a +2 robe of positive energy for 147 gold pieces
 22565 | D:12     | Reached skill level 11 in Maces & Flails
 22980 | D:12     | Noticed Erolcha
 22987 | D:12     | Killed Erolcha
 22987 | D:12     | Reached XP level 12. HP: 89/126 MP: 16/18
 23009 | D:12     | Reached skill level 10 in Fighting
 23605 | D:13     | Found a transporter.
 23606 | D:13     | Noticed heinrich's ghost (journeyman FoFi)
 23675 | Lair:1   | Entered Level 1 of the Lair of Beasts
 23745 | Lair:1   | Noticed Erica
 23789 | Lair:1   | Killed Erica
 23941 | Lair:1   | Received a gift from Yredelemnul (3 flying skulls)
 24313 | Lair:2   | Noticed a four-headed hydra
 24323 | Lair:2   | Killed a four-headed hydra
 24368 | Lair:2   | Noticed a four-headed hydra
 24375 | Lair:2   | Killed a four-headed hydra
 24418 | Lair:2   | Received a gift from Yredelemnul (a wraith)
 25372 | Lair:3   | HP: 6/128 [deep troll (4)]
 25372 | Lair:3   | Slain by a deep troll

Vault maps used:
D:1:      erik_arrival_cave_to_civilisation, minmay_octomino_c4
D:2:      yredelemnul_altar_generic
D:3:      cheibrodos_thug_alley, minmay_hedge_maze, hex_tiny
D:4:      nicolae_overflow_crystal_walls, first_ration, kennysheep_pointless_box
D:5:      ebering_ghost_inner_flame
D:6:      marbit_many_paths, overflow_temple_1_default, minmay_temple_entry_mist
D:7:      grunt_temple_overflow_order_and_chaos_2
D:8:      tso_oasis_becter, old_standard_altar, serial_shops,
          nicolae_shop_crystal, grunt_livestock
D:9:      nicolae_overflow_hidden_temple, gammafunk_temple_overflow_wave,
          gammafunk_ghost_nasty_kobolds, uniq_maurice
D:10:     uniq_grum
D:11:     grunt_lair_entry_orc_guard_hut, lab_entry_generic, bh_circular_ruins
D:12:     orc_david_3, special_room, uniq_erolcha
D:13:     gammafunk_ghost_smash, minmay_lindwurm_lava
Lair:1:   uniq_erica
Lair:2:   grunt_megastairs_4
Lair:3:   elwin_shoals_entry_stream, basic_altar, st_stairs_4, zaba_anthole,
          lemuel_fruit_tree, infiniplex_staircase_pool_2
Lab:      labyrinth_mini_lab, nicolae_lab_grate_2, labyrinth_fake_exit

Skill      XL: |  1  2  3  4  5  6  7  8  9 10 11 12 |
---------------+-------------------------------------+-----
Dodging        | 2 3 4 5 6 |  6.8
Maces & Flails | 1 2 3 4 6 8 9 11 | 11.8
Fighting       | 3 4 5 6 8 9 10 | 10.7
Invocations    | 1 2 4 5 7 8 9 |  9.6
Shields        | 1 |  1.9
Throwing       | 5 6 7 8 |  8.0
Short Blades   | 1 2 |  2.7
Evocations     | 1 2 |  2.1
Stealth        | |  0.6

Action                   |  1- 3 |  4- 6 |  7- 9 | 10-12 || total
-------------------------+-------+-------+-------+-------++-------
Melee: Short sword       |    26 |       |    19 |   113 ||   158
       Mace              |   117 |   197 |   171 |       ||   485
       Giant spiked club |       |       |   173 |   321 ||   494
Throw: Stone             |    15 |    64 |   130 |    40 ||   249
       Javelin           |       |     3 |     9 |     9 ||    21
       Large rock        |       |     1 |     9 |    20 ||    30
       Throwing net      |       |       |     4 |       ||     4
       Tomahawk          |       |       |       |    38 ||    38
Invok: Animate Remains   |       |     2 |     1 |     2 ||     5
       Animate Dead      |       |       |       |    23 ||    23
       Recall Undead Sla |       |       |       |     7 ||     7
       Injury Mirror     |       |       |       |     1 ||     1
Evoke: Wand              |       |       |     4 |    36 ||    40
  Use: Scroll            |       |     8 |     8 |    11 ||    27
       Potion            |       |     5 |     6 |    10 ||    21
 Stab: Sleeping          |       |     1 |     1 |     1 ||     3
       Held in net/web   |       |       |     1 |       ||     1
       Distracted        |       |       |       |     5 ||     5
       Confused          |       |       |       |     3 ||     3
  Eat: Chunk             |     3 |     9 |    15 |    30 ||    57
       Ration            |       |     1 |     1 |     7 ||     9
Armor: Robe              |    68 |    52 |    62 |    40 ||   222
       Animal skin       |       |       |       |    57 ||    57
Dodge: Dodged            |    82 |    66 |   165 |   302 ||   615
Block: Shield            |    27 |    76 |    56 |       ||   159

Table legend:
 A = Non-vault XP
 B = Vault XP
 C = Vault XP percentage of total XP
 D = Non-vault monster count
 E = Vault monster count
 F = Vault count percentage of total count
                 A         B        C        D         E       F
            +---------+---------+-------+---------+---------+-------
      Total |   21583 |    7269 |  25.2 |     296 |      86 |  22.5
            +---------+---------+-------+---------+---------+-------
        D:1 |      28 |      10 |  26.3 |      15 |       7 |  31.8
        D:2 |      67 |       0 |   0.0 |      19 |       0 |   0.0
        D:3 |     154 |     109 |  41.4 |      22 |       9 |  29.0
        D:4 |     388 |       0 |   0.0 |      20 |       0 |   0.0
        D:5 |     657 |       0 |   0.0 |      27 |       0 |   0.0
        D:6 |     943 |     311 |  24.8 |      16 |       2 |  11.1
        D:7 |     906 |     587 |  39.3 |      17 |       3 |  15.0
        D:8 |    1512 |     182 |  10.7 |      21 |       1 |   4.5
        D:9 |    2089 |     411 |  16.4 |      42 |      27 |  39.1
       D:10 |    1231 |     341 |  21.7 |      24 |       3 |  11.1
       D:11 |    1935 |     440 |  18.5 |      15 |       6 |  28.6
       D:12 |    4385 |    2288 |  34.3 |      22 |      22 |  50.0
     Lair:1 |    2827 |     950 |  25.2 |      14 |       1 |   6.7
     Lair:2 |    3893 |     101 |   2.5 |      19 |       2 |   9.5
     Lair:3 |     568 |       0 |   0.0 |       3 |       0 |   0.0
        Lab |       0 |    1539 | 100.0 |       0 |       3 | 100.0
            +---------+---------+-------+---------+---------+-------
